PBL
AMARILLO THUNDERHEADS @ MADISON BREWERS
08/24/2047
 
TOP OF THE 1ST
Amarillo ThunderHeads batting - Pitching for Madison Brewers : RHP Franklin Arroyo
Pitching: RHP Franklin Arroyo
Batting: SHB Tyler Romo 0-0: Ball
1-0: Ball
2-0: Ball
3-0: Called Strike
3-1: Foul Ball, location: 2F
3-2: Base on Balls
Batting: RHB Bill Flannery 0-0: Ball
1-0: SINGLE (Line Drive, 8LS, EV 98.8 MPH)
Tyler Romo to second
Tyler Romo to third
Batting: RHB Sam Voss 0-0: Swinging Strike
0-1: Ball
1-1: Called Strike
1-2: Ball
2-2: Ball
3-2: Grounds into double play, 4-6-3 (Groundball, 34, EV 104.4 MPH)
Tyler Romo scores
Batting: RHB Eric Camillo 0-0: Called Strike
0-1: Swinging Strike
0-2: Ground out 4-3 (Groundball, 4, EV 87.5 MPH)
Top of the 1st over - 1 run, 1 hit, 0 errors, 0 left on base; Amarillo 1 - Madison 0
BOTTOM OF THE 1ST
Madison Brewers batting - Pitching for Amarillo ThunderHeads : RHP Al Nava
Pitching: RHP Al Nava
Batting: LHB Andy Buschlen 0-0: Ball
1-0: Ball
2-0: Ball
3-0: Base on Balls
Batting: RHB Mario Lopez 0-0: Called Strike
0-1: Called Strike
0-2: Ball
1-2: Ball
2-2: Ball
3-2: Foul Ball, location: 2F
3-2: Foul Ball, location: 2F
3-2: Foul Ball, location: 2F
3-2: Base on Balls
Andy Buschlen to second
Batting: LHB Fumito Sakurai 0-0: Called Strike
0-1: Called Strike
0-2: Ball
1-2: Strikes out looking
Batting: RHB Frank Pena 0-0: Called Strike
Balk!
Andy Buschlen to third
Mario Lopez to second
0-1: Foul Ball, location: 2F
0-2: Ground out 4-3 (Groundball, 4S, EV 90.6 MPH)
Andy Buschlen scores
Mario Lopez to third
Batting: LHB Tony Hasbun 0-0: Ball
1-0: Foul Ball, location: 2F
1-1: Ball
2-1: Foul Ball, location: 2F
2-2: Strikes out looking
Bottom of the 1st over - 1 run, 0 hits, 0 errors, 1 left on base; Amarillo 1 - Madison 1
TOP OF THE 2ND
Amarillo ThunderHeads batting - Pitching for Madison Brewers : RHP Franklin Arroyo
Batting: RHB Eric Juarez 0-0: Called Strike
0-1: Ball
1-1: Ball
2-1: SOLO HOME RUN (Flyball, 7D, EV 95.6 MPH), Distance : 366 ft
Batting: RHB Shi-fu Cuan 0-0: Ball
1-0: Ground out 1-3 (Groundball, 15, EV 72.5 MPH)
Batting: LHB Tony Cisneros 0-0: Called Strike
0-1: Ball
1-1: Called Strike
1-2: Foul Ball, location: 2F
1-2: Ball
2-2: Ball
3-2: Base on Balls
Batting: RHB Adrian Quilantan 0-0: Ball
1-0: Swinging Strike
1-1: Fly out, F9 (Flyball, 89S, EV 87.5 MPH)
Batting: RHB Zhong See-to 0-0: Fly out, F8 (Line Drive, 89S, EV 93.1 MPH)
Top of the 2nd over - 1 run, 1 hit, 0 errors, 1 left on base; Amarillo 2 - Madison 1
BOTTOM OF THE 2ND
Madison Brewers batting - Pitching for Amarillo ThunderHeads : RHP Al Nava
Batting: RHB Manny Olave 0-0: Called Strike
0-1: Ground out 1-3 (Groundball, 13S, EV 67.5 MPH)
Batting: RHB Xiao-shuang Au 0-0: Foul Ball, location: 2F
0-1: Ball
1-1: Foul Ball, location: 2F
1-2: SOLO HOME RUN (Flyball, 9D, EV 100.0 MPH), Distance : 389 ft
Batting: RHB Fernando Mejia 0-0: Fly out, F7 (Flyball, 7, EV 91.2 MPH)
Batting: RHB Malcolm McCauley 0-0: Called Strike
0-1: Ball
1-1: Ball
2-1: Ball
3-1: Base on Balls
Batting: LHB Andy Buschlen 0-0: Called Strike
Malcolm McCauley steals 2nd base
0-1: Foul Ball, location: 2F
0-2: Strikes out looking
Bottom of the 2nd over - 1 run, 1 hit, 0 errors, 1 left on base; Amarillo 2 - Madison 2
TOP OF THE 3RD
Amarillo ThunderHeads batting - Pitching for Madison Brewers : RHP Franklin Arroyo
Batting: SHB Tyler Romo 0-0: Ball
1-0: Ball
2-0: Called Strike
2-1: SOLO HOME RUN (Flyball, 9D, EV 98.8 MPH), Distance : 384 ft
Batting: RHB Bill Flannery 0-0: Ball
1-0: Ball
2-0: Called Strike
2-1: Fly out, F7 (Flyball, 7, EV 88.1 MPH)
Batting: RHB Sam Voss 0-0: Ball
1-0: Ball
2-0: Called Strike
2-1: Called Strike
2-2: Strikes out swinging
Batting: RHB Eric Camillo 0-0: Ball
1-0: Ball
2-0: Ball
3-0: Base on Balls
Batting: RHB Eric Juarez 0-0: Ground out 4-3 (Groundball, 34, EV 102.5 MPH)
Top of the 3rd over - 1 run, 1 hit, 0 errors, 1 left on base; Amarillo 3 - Madison 2
BOTTOM OF THE 3RD
Madison Brewers batting - Pitching for Amarillo ThunderHeads : RHP Al Nava
Batting: RHB Mario Lopez 0-0: Ball
1-0: Ground out 1-3 (Groundball, 25, EV 65.6 MPH)
Batting: LHB Fumito Sakurai 0-0: Foul Ball, location: 2F
0-1: Ball
1-1: Ball
2-1: Ball
3-1: Base on Balls
Batting: RHB Frank Pena 0-0: Called Strike
0-1: Foul Ball, location: 2F
0-2: SINGLE (Line Drive, 34, EV 96.9 MPH)
Fumito Sakurai to second
Batting: LHB Tony Hasbun 0-0: Ball
1-0: Ball
2-0: SINGLE (Line Drive, 9S, EV 99.4 MPH)
Fumito Sakurai to third
Frank Pena to second
Batting: RHB Manny Olave 0-0: SINGLE (Flyball, 9LS, EV 86.9 MPH)
Fumito Sakurai scores
Frank Pena to third
Tony Hasbun to second
Batting: RHB Xiao-shuang Au 0-0: Ball
1-0: Ball
2-0: Ball
3-0: Called Strike
3-1: Base on Balls
Frank Pena scores
Tony Hasbun to third
Manny Olave to second
Batting: RHB Fernando Mejia 0-0: Called Strike
0-1: Ball
1-1: Foul Ball, location: 2F
1-2: Fly out, F8 (Flyball, 8RD, EV 93.1 MPH)
Batting: RHB Malcolm McCauley 0-0: Ball
1-0: Ball
2-0: Ball
3-0: Called Strike
3-1: Base on Balls
Tony Hasbun scores
Manny Olave to third
Xiao-shuang Au to second
Batting: LHB Andy Buschlen 0-0: Ball
1-0: Ball
2-0: Ball
3-0: Called Strike
3-1: Fly out, F8 (Flyball, 8LD, EV 81.2 MPH)
Bottom of the 3rd over - 3 runs, 3 hits, 0 errors, 3 left on base; Amarillo 3 - Madison 5
TOP OF THE 4TH
Amarillo ThunderHeads batting - Pitching for Madison Brewers : RHP Franklin Arroyo
Batting: RHB Shi-fu Cuan 0-0: Foul Ball, location: 2F
0-1: Called Strike
0-2: Strikes out swinging
Batting: LHB Tony Cisneros 0-0: Ball
1-0: Foul Ball, location: 2F
1-1: Foul Ball, location: 2F
1-2: Ball
2-2: Ball
3-2: Base on Balls
Batting: RHB Adrian Quilantan 0-0: Foul Ball, location: 2F
0-1: Ball
1-1: Called Strike
Tony Cisneros steals 2nd base
1-2: Strikes out looking
Batting: RHB Zhong See-to 0-0: Ball
1-0: Ball
2-0: Ball
3-0: Swinging Strike
3-1: Foul Ball, location: 2F
3-2: Strikes out swinging
Top of the 4th over - 0 runs, 0 hits, 0 errors, 1 left on base; Amarillo 3 - Madison 5
BOTTOM OF THE 4TH
Madison Brewers batting - Pitching for Amarillo ThunderHeads : RHP Al Nava
Batting: RHB Mario Lopez 0-0: Ball
1-0: Ball
2-0: Ball
3-0: Base on Balls
Batting: LHB Fumito Sakurai 0-0: Called Strike
0-1: Foul Ball, location: 2F
0-2: Strikes out swinging
Batting: RHB Frank Pena 0-0: Called Strike
0-1: SINGLE (Groundball, 34, EV 100.6 MPH)
Mario Lopez to second
Runner from 2nd tries for 3rd, SAFE, throw by RF made at trailing runner, OUT! 9-6
Batting: LHB Tony Hasbun 0-0: Called Strike
0-1: Foul Ball, location: 2F
0-2: Ball
1-2: SINGLE (Line Drive, 8LS, EV 96.9 MPH)
Mario Lopez scores
Pitching: RHP Dan Corrow
Batting: RHB Manny Olave 0-0: Called Strike
0-1: SINGLE (Line Drive, 78S, EV 87.5 MPH)
Tony Hasbun to second
Batting: RHB Xiao-shuang Au 0-0: Called Strike
0-1: Swinging Strike
0-2: Ball
1-2: Fielders Choice at 2nd, 6-4 (Groundball, 6, EV 83.1 MPH)
Bottom of the 4th over - 1 run, 3 hits, 0 errors, 2 left on base; Amarillo 3 - Madison 6
TOP OF THE 5TH
Amarillo ThunderHeads batting - Pitching for Madison Brewers : RHP Franklin Arroyo
Batting: SHB Tyler Romo 0-0: Foul Ball, location: 2F
0-1: Ball
1-1: Called Strike
1-2: Ball
2-2: Ball
3-2: Foul Ball, location: 2F
3-2: Fly out, F8 (Flyball, 8LD, EV 90.6 MPH)
Batting: RHB Bill Flannery 0-0: SINGLE (Line Drive, 4MD, EV 98.1 MPH)
Batting: RHB Sam Voss 0-0: Ball
1-0: Reached on error, E5 (Groundball, 56, EV 103.8 MPH)
Bill Flannery to third
Pitching: LHP Tony Salazar
Batting: RHB Eric Camillo 0-0: Ball
1-0: Called Strike
1-1: Called Strike
1-2: Strikes out swinging
Batting: RHB Eric Juarez 0-0: Called Strike
0-1: Ball
1-1: Foul Ball, location: 2F
1-2: Foul Ball, location: 2F
1-2: Foul Ball, location: 2F
1-2: Strikes out swinging
Top of the 5th over - 0 runs, 1 hit, 1 error, 2 left on base; Amarillo 3 - Madison 6
BOTTOM OF THE 5TH
Madison Brewers batting - Pitching for Amarillo ThunderHeads : RHP Dan Corrow
Batting: RHB Fernando Mejia 0-0: Ground out 6-3 (Groundball, 6, EV 85.6 MPH)
Batting: RHB Malcolm McCauley 0-0: Ground out U3 (Groundball, 3, EV 83.8 MPH)
Batting: LHB Andy Buschlen 0-0: Ball
1-0: Ball
2-0: Ball
3-0: Base on Balls
Batting: RHB Mario Lopez 0-0: Ball
1-0: Swinging Strike
1-1: Ball
2-1: Ball
3-1: Called Strike
3-2: Ground out 5-3 (Groundball, 56S, EV 83.1 MPH)
Bottom of the 5th over - 0 runs, 0 hits, 0 errors, 1 left on base; Amarillo 3 - Madison 6
TOP OF THE 6TH
Amarillo ThunderHeads batting - Pitching for Madison Brewers : LHP Tony Salazar
Batting: RHB Shi-fu Cuan 0-0: Ground out 5-3 (Groundball, 56S, EV 92.5 MPH)
Pinch Hitting: RHB Mario Gomez 0-0: Called Strike
0-1: Called Strike
0-2: Foul Ball, location: 2F
0-2: Strikes out swinging
Batting: RHB Adrian Quilantan 0-0: Called Strike
0-1: Ball
1-1: Foul Ball, location: 2F
1-2: Strikes out swinging
Top of the 6th over - 0 runs, 0 hits, 0 errors, 0 left on base; Amarillo 3 - Madison 6
BOTTOM OF THE 6TH
Madison Brewers batting - Pitching for Amarillo ThunderHeads : RHP Dan Corrow
Now in RF: Mario Gomez
Batting: LHB Fumito Sakurai 0-0: Hit by Pitch
Batting: RHB Frank Pena 0-0: Foul Ball, location: 2F
0-1: Ball
1-1: TRIPLE (Flyball, 8LXD, EV 105.0 MPH)
Fumito Sakurai scores
Batting: LHB Tony Hasbun 0-0: Ball
1-0: Ball
2-0: Ball
3-0: Called Strike
3-1: Base on Balls
Batting: RHB Manny Olave 0-0: Ball
1-0: Called Strike
1-1: Called Strike
Tony Hasbun steals 2nd base
1-2: Ball
2-2: Ground out 5-3 (Groundball, 56, EV 80.6 MPH)
Frank Pena scores
Batting: RHB Xiao-shuang Au 0-0: Ball
1-0: Ball
2-0: Called Strike
2-1: Called Strike
2-2: Foul Ball, location: 2F
2-2: Ball
3-2: Foul Ball, location: 2F
3-2: SINGLE (Groundball, 56D, EV 96.2 MPH)
Tony Hasbun to third
Runner from 3rd tries for Home, SAFE, throw by LF to home
Batting: RHB Fernando Mejia 0-0: Ball
1-0: Fielders Choice at 2nd, 6-4 (Groundball, 6S, EV 82.5 MPH)
Batting: RHB Malcolm McCauley 0-0: Ball
1-0: Called Strike
1-1: Ball
2-1: Foul Ball, location: 2F
2-2: Strikes out swinging
Bottom of the 6th over - 3 runs, 2 hits, 0 errors, 1 left on base; Amarillo 3 - Madison 9
TOP OF THE 7TH
Amarillo ThunderHeads batting - Pitching for Madison Brewers : LHP Tony Salazar
Batting: RHB Zhong See-to 0-0: Ground out U3 (Groundball, 3, EV 110.0 MPH)
Batting: SHB Tyler Romo 0-0: Called Strike
0-1: Swinging Strike
0-2: Strikes out swinging
Batting: RHB Bill Flannery 0-0: Ball
1-0: SOLO HOME RUN (Flyball, 78XD, EV 99.4 MPH), Distance : 403 ft
Batting: RHB Sam Voss 0-0: Ball
1-0: Ball
2-0: Called Strike
2-1: Ball
3-1: Base on Balls
Batting: RHB Eric Camillo 0-0: Called Strike
0-1: Ball
1-1: Swinging Strike
1-2: Hit by Pitch
Sam Voss to second
Batting: RHB Eric Juarez 0-0: Called Strike
0-1: Ball
1-1: Foul Ball, location: 2F
1-2: Foul Ball, location: 2F
1-2: Foul Ball, location: 2F
1-2: Strikes out looking
Top of the 7th over - 1 run, 1 hit, 0 errors, 2 left on base; Amarillo 4 - Madison 9
BOTTOM OF THE 7TH
Madison Brewers batting - Pitching for Amarillo ThunderHeads : RHP Dan Corrow
Pitching: LHP Pat Mena
Batting: LHB Andy Buschlen 0-0: Called Strike
0-1: Swinging Strike
0-2: Strikes out swinging
Batting: RHB Mario Lopez 0-0: Ball
1-0: SINGLE (Groundball, 6D, EV 105.0 MPH)
Batting: LHB Fumito Sakurai 0-0: Ball
1-0: Foul Ball, location: 2F
1-1: Ball
2-1: Called Strike
2-2: Foul Ball, location: 2F
2-2: Strikes out looking
Batting: RHB Frank Pena 0-0: Foul Ball, location: 2F
0-1: Ball
1-1: Fly out, F9 (Flyball, 9S, EV 84.4 MPH)
Bottom of the 7th over - 0 runs, 1 hit, 0 errors, 1 left on base; Amarillo 4 - Madison 9
TOP OF THE 8TH
Amarillo ThunderHeads batting - Pitching for Madison Brewers : LHP Tony Salazar
Batting: RHB Shi-fu Cuan 0-0: Called Strike
0-1: Fly out, F7 (Flyball, 7, EV 87.5 MPH)
Batting: RHB Mario Gomez 0-0: Foul Ball, location: 2F
0-1: Swinging Strike
0-2: Foul Ball, location: 2F
0-2: Foul Ball, location: 2F
0-2: Foul Ball, location: 2F
0-2: Ball
1-2: Foul Ball, location: 2F
1-2: Ball
2-2: Foul Ball, location: 2F
2-2: Ball
3-2: Foul Ball, location: 2F
3-2: Foul Ball, location: 2F
3-2: Foul Ball, location: 2F
3-2: Ground out 1-3 (Groundball, 13S, EV 61.2 MPH)
Batting: RHB Adrian Quilantan 0-0: Ball
1-0: Ball
2-0: Ball
3-0: Called Strike
3-1: Ground out 6-3 (Groundball, 6, EV 82.5 MPH)
Top of the 8th over - 0 runs, 0 hits, 0 errors, 0 left on base; Amarillo 4 - Madison 9
BOTTOM OF THE 8TH
Madison Brewers batting - Pitching for Amarillo ThunderHeads : LHP Pat Mena
Batting: LHB Tony Hasbun 0-0: Ball
1-0: Called Strike
1-1: Swinging Strike
1-2: Ball
2-2: Strikes out swinging
Batting: RHB Manny Olave 0-0: Ball
1-0: Swinging Strike
1-1: Called Strike
1-2: Ball
2-2: Strikes out swinging
Pitching: RHP Antonio Ayala
Batting: RHB Xiao-shuang Au 0-0: Swinging Strike
0-1: Foul Ball, location: 2F
0-2: Ball
1-2: Strikes out looking
Bottom of the 8th over - 0 runs, 0 hits, 0 errors, 0 left on base; Amarillo 4 - Madison 9
TOP OF THE 9TH
Amarillo ThunderHeads batting - Pitching for Madison Brewers : LHP Tony Salazar
Batting: RHB Zhong See-to 0-0: Ball
1-0: Ball
2-0: Ball
3-0: Base on Balls
Pitching: LHP Juan Gonzalez
Batting: SHB Tyler Romo 0-0: Ball
1-0: Called Strike
1-1: Called Strike
1-2: Strikes out swinging
Batting: RHB Bill Flannery 0-0: Foul Ball, location: 2F
0-1: Ball
1-1: Ball
2-1: SINGLE (Groundball, 6S, EV 75.0 MPH) (infield hit)
Zhong See-to to second
Batting: RHB Sam Voss 0-0: Called Strike
0-1: Fielders Choice at 2nd, 3-6 (Groundball, 34S, EV 84.4 MPH)
Zhong See-to to third
Batting: RHB Eric Camillo 0-0: DOUBLE (Flyball, 8RXD, EV 115.0 MPH)
Zhong See-to scores
Sam Voss to third
Pitching: LHP Bill Dunham
Batting: RHB Eric Juarez 0-0: Called Strike
0-1: Called Strike
0-2: Strikes out swinging
Top of the 9th over - 1 run, 2 hits, 0 errors, 2 left on base; Amarillo 5 - Madison 9
Thursday, December 15th , 2022 - OOTP Baseball 23.9 Build 102